 Dungeon Crawl Stone Soup version 0.30.1-3-gfc49f6343a (webtiles) character file.

Game seed: 14623464539044399225

468409 Zeor the Slayer (level 24, -2/264 HPs)
             Began as a Gargoyle Berserker on Aug 1, 2023.
             Was a High Priest of Trog.
             Slain by a deep troll (9 damage)
             ... on level 3 of the Depths on Aug 3, 2023.
             The game lasted 04:47:21 (49417 turns).

Zeor the Slayer (Gargoyle Berserker)               Turns: 49417, Time: 04:47:22

Health: -2/264     AC: 45    Str: 39    XL:     24   Next: 30%
Magic:  0/20       EV: 11    Int:  9    God:    Trog [*****.]
Gold:   2343       SH: 16    Dex: 13    Spells: 23/23 levels left

rFire   + . .        a - +10 morningstar of the Open Hand {heavy, rPois rC+ SInv}
rCold   + + .        N - +1 kite shield {reflect}
rNeg    + . .        O - +0 plate armour {Will+}
rPois   ∞            V - +2 hat {Will+}
rElec   +            m - scarf {repulsion}
rCorr   +            y - +0 pair of gloves of Qeufag {rElec Regen+ Str+3 Dex-2}
SInv    +            d - +2 pair of boots
Will    ++++.        i - amulet of Cynicism {Spirit rC++} Stlth
                     I - ring of willpower
HPRegen 1.44/turn    K - ring of the Hammering Pariah {Fire rCorr Str+6 Dex+6}
MPRegen 0.17/turn

%: repel missiles, reflection, guardian spirit
@: berserking (expiring), flying, very quick
A: sickness immunity, AC +18, big wings, negative energy resistance 1,
electricity resistance, torment resistance 1, petrification resistance, dopey 1,
low MP 1
}: 3/15 runes: decaying, silver, gossamer
a: Renounce Religion, Berserk, Trog's Hand, Brothers in Arms


You were on level 3 of the Depths.
You worshipped Trog.
Trog was extremely pleased with you.
You visited 8 branches of the dungeon, and saw 42 of its levels.
You visited the Abyss 1 time.
You also visited: Trove, Sewer, Ice Cave and Wizlab.

You collected 5013 gold pieces.
You spent 2670 gold pieces at shops.

Inventory:

Hand Weapons
 a - the +10 morningstar of the Open Hand (weapon) {heavy, rPois rC+ SInv}
   (Trog gifted it to you in a wizard's laboratory)

   rC:        It protects you from cold.
   rPois:     It protects you from poison.
   SInv:      It lets you see invisible.
 b - a +5 antimagic eveningstar
 c - the +8 autumn katana {manifold assault}
   (You found it on level 3 of the Elven Halls)
 H - the +8 demon whip of the Jumping Jester {spect, rF+}
   (You found it on level 8 of the Dungeon)

   rF:        It protects you from fire.
 Z - the +7 flail of Igugaont {flame, +Blink rF- rCorr}
   (Trog gifted it to you on level 4 of the Spider Nest)

   rF:        It makes you vulnerable to fire.
   +Blink:    It lets you blink.
   rCorr:     It protects you from acid and corrosion.
Missiles
 s - 12 silver javelins
 t - 9 curare-tipped darts
 w - 2 datura-tipped darts
 D - 3 throwing nets
 W - 12 javelins (quivered)
Armour
 d - a +2 pair of boots (worn)
 m - a scarf of repulsion (worn)
 y - the +0 pair of gloves of Qeufag (worn) {rElec Regen+ Str+3 Dex-2}
   (You found it in an ice cave)

   Str:       It affects your strength (+3).
   Dex:       It affects your dexterity (-2).
   rElec:     It insulates you from electricity.
   Regen:     It increases your rate of health regeneration.
 N - a +1 kite shield of reflection (worn)
 O - a +0 plate armour of willpower (worn)
 V - a +2 hat of willpower (worn)
Jewellery
 i - the amulet of Cynicism (around neck) {Spirit rC++}
   (You found it in a wizard's laboratory)

   [amulet of guardian spirit]

   It causes incoming damage to be divided between your reserves of health and
   magic.
   rC:        It greatly protects you from cold.
 u - a ring of the Octopus King {HP+2 AC+2 EV+2 SH+2 SInv}
   (You found it on level 1 of the Vaults)

   [ring of see invisible]

   AC:        It affects your AC (+2).
   EV:        It affects your evasion (+2).
   HP:        It affects your health (+2).
   SInv:      It lets you see invisible.
   SH:        It affects your SH (+2).
 E - the ring of Qaredadi {rPois rF- rC++ Dex+6}
   (You took it off a gnoll on level 7 of the Dungeon)

   [ring of dexterity]

   Dex:       It affects your dexterity (+6).
   rF:        It makes you vulnerable to fire.
   rC:        It greatly protects you from cold.
   rPois:     It protects you from poison.
 I - a ring of willpower (left hand)
 K - the ring of the Hammering Pariah (right hand) {Fire rCorr Str+6 Dex+6}
   (You found it on level 4 of the Depths)

   [ring of fire]

   It enhances your fire magic.
   Str:       It affects your strength (+6).
   Dex:       It affects your dexterity (+6).
   rF:        It protects you from fire.
   rC:        It makes you vulnerable to cold.
   rCorr:     It protects you from acid and corrosion.
 T - a ring of protection from fire
 U - a ring of willpower
Wands
 j - a wand of quicksilver (32)
 l - a wand of polymorph (33)
 p - a wand of roots (52)
 G - a wand of flame (61)
 J - a wand of paralysis (28)
 X - a wand of digging (2)
Scrolls
 e - 4 scrolls of magic mapping
 g - 5 scrolls of enchant weapon
 k - a scroll of immolation
 n - 2 scrolls of summoning
 q - 10 scrolls of poison
 A - 3 scrolls of fear
 C - 3 scrolls of silence
 F - 17 scrolls of teleportation
 M - 2 scrolls of blinking
 P - 13 scrolls of fog
 Y - 2 scrolls of brand weapon
Potions
 f - 11 potions of curing
 h - 7 potions of invisibility
 o - 6 potions of heal wounds
 r - 3 potions of resistance
 v - 4 potions of cancellation
 x - 6 potions of might
 z - 11 potions of haste
 B - 6 potions of magic
Miscellaneous
 L - a lightning rod (4/4)


   Skills:
 * Level 25.0 Fighting
 * Level 4.1 Long Blades
 - Level 20.6 Maces & Flails
 + Level 15.6 Throwing
 + Level 20.0 Armour
 + Level 5.2 Dodging
 + Level 9.4 Stealth
 + Level 21.5 Shields
 + Level 1.5 Evocations


You had 23 spell levels left.
You didn't know any spells.
Your spell library was empty.

Dungeon Overview and Level Annotations

Branches:
Dungeon (15/15)            Temple (0/1) D:5            Lair (5/5) D:11
  Swamp (4/4) Lair:3       Spider (4/4) Lair:2        Slime (0/5) Lair:4
    Orc (2/2) D:12            Elf (3/3) Orc:2        Vaults (5/5) D:13
  Crypt (0/3) Vaults:3     Depths (4/4) D:15          Sewer (visited)
  IceCv (visited)          WizLab (visited)
    Zot: Depths:4

Altars:
Cheibriados
Dithmenos
Elyvilon
Fedhas
Gozag
Hepliaklqana
Kikubaaqudgha
Makhleb
Nemelex Xobeh
Okawaru
Qazlal
Ru
Trog
Uskayaw
Vehumet
Xom
Yredelemnul
Zin
The Shining One
Lugonu

Shops:
D:6 *   D:9 *   D:11 [   Orc:2 ?((:   Vaults:2 :   Vaults:3 (
Vaults:5 !!?:[[!   Depths:1 :

Portals:
Hell: Depths:1
Abyss: Lair:5
Ziggurat: Depths:2

Annotations:
Depths:2 1 transporter


Innate Abilities, Weirdness & Mutations

You are immune to sickness and miasma.
Your stone body is resilient. (AC +18)
You are immune to poison.
Your large and strong wings let you fly.
You resist negative energy. (rN+)
You are resistant to electric shocks. (rElec)
You are resistant to unholy torment.
You are immune to petrification.
You are dopey. (Int -2)
Your magical capacity is low. (-10% MP)


Message History

The deep troll claws you but does no damage. x2
You block the deep troll's attack.
The deep troll claws you but does no damage.
The deep troll barely misses you.
You hammer the iron troll like a gong!!!
You kill the iron troll!
Trog accepts your kill.
The troll leather armour is intact enough to wear.
You impale the iron troll!!
The iron troll is moderately wounded.
You block the deep troll's attack. x2; The deep troll barely misses you.
The deep troll closely misses you. The deep troll claws you.
* * * LOW HITPOINT WARNING * * *
The deep troll claws you but does no damage.
The deep troll bites you but does no damage.
The deep troll closely misses you. x2; The deep troll barely misses you.
You block the deep troll's attack. x2; The iron troll bites you!!
* * * LOW HITPOINT WARNING * * *
The iron troll claws you but does no damage.
The iron troll claws you.
* * * LOW HITPOINT WARNING * * *
You hammer the iron troll like a gong!!!
You kill the iron troll!
Trog accepts your kill.
The troll leather armour is intact enough to wear.
You block the deep troll's attack.
The deep troll claws you but does no damage.
You block the deep troll's attack. x2
The deep troll claws you but does no damage. x2
The deep troll bites you but does no damage.
The deep troll closely misses you. x2
The deep troll bites you but does no damage.
The deep troll closely misses you. The deep troll claws you!
* * * LOW HITPOINT WARNING * * *
The deep troll bites you but does no damage.
You block the deep troll's attack. x2
You bludgeon the deep troll!!
The deep troll is heavily wounded.
You block the deep troll's attack. The deep troll claws you!
You die...

▒∙∙PP~~~~P∙∙
▒∙∙PP~~~~P∙▒
▒∙∙PP~~~~P∙▒▒
▒∙∙PP~~~~P∙∙▒
▒∙∙PP~~~~P∙▒
▒∙∙PP~~~~P∙▒▒▒
▒∙∙P∙∙∙PP∙∙▒∙▒
▒∙∙)T9∙∙∙∙∙∙▒
▒▒'∙TTT▒▒▒∙▒▒
▒▒▒▒∙∙[[[▒▒▒∙▒
∙∙∙∙∙∙∙∙∙∙>∙∙▒
∙∙∙∙∙∙∙▒▒▒▒∙▒▒


∙∙∙∙∙∙∙ ▒∙∙▒ ∙∙∙∙∙'∙∙T∙T∙▒ ∙∙∙∙∙▒∙▒▒▒▒∙∙∙ ∙∙∙∙∙▒∙ ▒▒▒▒▒ You could see 4 deep
trolls.

Vanquished Creatures
  2 dread liches (Vaults:5)
  A juggernaut (Depths:4)
  Saint Roka (Vaults:2)
  the Lernaean hydra (Swamp:4)
  Margery (Vaults:4)
  A mutant beast (WizLab)
  2 golden dragons (Vaults:5)
  3 tentacled monstrosities (Vaults:5)
  Jorgrun (D:12)
  Rupert (Spider:1)
  A shard shrike skeleton (Abyss:3)
  3 liches
  7 titans
  4 deep elf blademasters
  4 quicksilver dragons
  4 tentacled starspawn
  2 sphinxes
  Agnes (Spider:1)
  Gastronok (Lair:3)
  A storm dragon (Vaults:5)
  2 shadow dragons
  Donald (Spider:1)
  2 fire giants
  4 tengu reavers
  Kirke (Lair:3)
  A fire giant (shapeshifter) (Vaults:5)
  5 frost giants
  Aizul (Vaults:4)
  7 deep elf sorcerers
  8 emperor scorpions
  An iron dragon (Depths:4)
  8 vault wardens
  A caustic shrike zombie (Depths:2)
  3 ghost moths
  24 very ugly things
  Louise (Spider:1)
  4 war gargoyles
  5 deep elf elementalists (Elf:3)
  2 reapers (IceCv)
  21 ironbound preservers
  16 stone giants
  5 deep elf demonologists
  A vampire knight (Depths:4)
  7 ironbound thunderhulks
  6 deep elf annihilators
  4 bunyips
  7 eleionomae
  12 dire elephants
  Azrael (Spider:2)
  4 spark wasps
  3 ettins
  4 fire dragons
  2 shambling mangroves (Swamp:4)
  The ghost of Yhyet the Protected, a journeyman MiFi of Okawaru (Lair:2)
  7 great orbs of eyes
  27 vault guards
  9 yaktaur captains
  3 entropy weavers (shapeshifter) (WizLab)
  10 deep elf high priests
  Fannar (Lair:3)
  4 entropy weavers
  2 ice dragons (Depths:1)
  Erolcha (Orc:2)
  2 ogre magi
  3 ghost crabs
  2 peacekeepers (Vaults:4)
  24 hydras
  2 rakshasas (Depths:1)
  6 ironbound frosthearts
  4 radroaches
  2 jorogumos
  Erica (D:11)
  A catoblepas (D:8)
  4 boulder beetles
  A two-headed ogre (shapeshifter) (WizLab)
  21 dancing weapons
  21 alligators
  3 death knights
  11 two-headed ogres
  15 centaur warriors
  5 deep troll shamans
  A tengu warrior (D:8)
  The ghost of Steelrune the Cleaver, a novice FoFi of Makhleb (D:9)
  An orc high priest (Orc:2)
  3 thrashing horrors (Lair:5)
  5 deep troll earth magi
  2 hell hogs (Abyss:5)
  3 hell knights (Vaults:4)
  A sun demon (Abyss:4)
  Urug (Lair:3)
  The ghost of sampeng1 the Fighter, a novice MiBe of Trog (D:7)
  A wretched star (Abyss:4)
  11 deep elf knights
  A skyshark (Lair:4)
  4 iron trolls
  A spark wasp zombie (Depths:2)
  2 fire crabs (shapeshifter)
  4 pharaoh ants
  11 goliath frogs
  A flayed ghost (Depths:1)
  A glowing orange brain (Abyss:3)
  3 sun moths
  A shadow demon (Abyss:5)
  6 wizards
  10 orb spiders
  7 bog bodies
  A golden dragon zombie (Depths:2)
  4 deep elf archers
  6 phantasmal warriors
  9 swamp dragons
  An obsidian statue (IceCv)
  8 lindwurms
  55 deep trolls
  An orange crystal statue (IceCv)
  A spectral hydra (Lair:3)
  5 spriggan simulacra
  2 spriggan druids
  8 steelbarb worms
  A swamp dragon (shapeshifter) (D:8)
  Pikel (D:6)
  5 harpies (Vaults:1)
  2 orc knights
  A harpy (shapeshifter) (WizLab)
  16 ironbound convokers
  6 necromancers
  21 deep elf pyromancers
  24 deep elf zephyrmancers
  22 wolf spiders
  A tengu skeleton (Depths:2)
  13 orc sorcerers
  8 cyclopes
  4 will-o-the-wisps
  36 ugly things
  4 moths of wrath
  8 manticores
  A stone giant skeleton (Depths:2)
  6 elephants (Lair:5)
  4 black mambas
  A frost giant skeleton (Depths:2)
  2 guardian serpents (shapeshifter) (WizLab)
  27 vault sentinels
  A black mamba (shapeshifter) (WizLab)
  10 demonic crawlers
  2 apocalypse crabs
  Joseph (D:8)
  A water nymph (shapeshifter) (Vaults:1)
  6 torpor snails
  4 gargoyles
  4 smoke demons
  A centaur skeleton (D:15)
  6 cane toads
  An unseen horror (D:11)
  A rime drake (shapeshifter) (WizLab)
  2 rime drakes
  10 komodo dragons
  12 yaktaurs
  5 freezing wraiths
  2 tengu conjurers (Depths:1)
  An anaconda simulacrum (IceCv)
  A golden dragon simulacrum (IceCv)
  5 ice devils (IceCv)
  7 ancient zymes
  2 meliai (shapeshifter)
  A queen bee (Lair:1)
  A queen bee (shapeshifter) (WizLab)
  2 trolls (shapeshifter)
  A hellwing (Vaults:4)
  5 trolls
  10 tyrant leeches
  3 meliai (D:13)
  20 hornets
  A bloated husk (Swamp:4)
  2 polar bears (Lair:4)
  23 tarantellas
  A polar bear (shapeshifter) (WizLab)
  A hornet (shapeshifter) (WizLab)
  A raiju (shapeshifter) (Elf:1)
  2 tarantellas (shapeshifter) (WizLab)
  26 blink frogs
  2 blink frogs (shapeshifter) (WizLab)
  Prince Ribbit (D:6)
  14 large abominations
  27 slime creatures
  2 centaur simulacra (D:15)
  A spectral black mamba (Lair:3)
  A jumping spider (shapeshifter) (WizLab)
  A raiju (Abyss:4)
  32 jumping spiders
  A culicivora (shapeshifter) (WizLab)
  15 spriggans
  2 air elementals
  30 culicivoras
  2 flying skulls (Abyss:4)
  4 water elementals
  A ynoxinul (Abyss:3)
  30 yaks
  4 dire elephant simulacra (IceCv)
  4 wraiths
  6 wyverns
  A spectral komodo dragon (Lair:3)
  2 vampires
  8 basilisks
  4 fire elementals
  A golden eye (shapeshifter) (WizLab)
  A yak (shapeshifter) (WizLab)
  Eustachio (D:4)
  3 minotaur simulacra (IceCv)
  40 redbacks
  3 chaos spawn (Lair:5)
  A neqoxec (Abyss:4)
  An iron golem (WizLab)
  20 vampire mosquitoes
  4 steam dragons
  2 wargs (Vaults:2)
  8 swamp worms
  Edmund (D:5)
  3 acid dragons
  16 water moccasins
  Duvessa (D:6)
  2 hell hounds (Spider:2)
  A human zombie (Depths:2)
  4 floating eyes (WizLab)
  A human skeleton (Depths:2)
  A spectral blink frog (Lair:3)
  13 swamp drakes
  2 black bears (shapeshifter) (WizLab)
  20 orc warriors
  An alligator simulacrum (IceCv)
  An ettin simulacrum (IceCv)
  A black bear (Lair:2)
  5 ogres
  An ice beast (D:7)
  4 sky beasts
  13 boggarts
  20 small abominations
  3 phantoms
  A starcursed mass (Abyss:5)
  8 centaurs
  18 wolves
  6 kobold brigands
  6 gnoll sergeants
  14 bullfrogs
  4 earth elementals
  3 scorpions
  4 wights
  2 deep troll simulacra (IceCv)
  Dowan (D:6)
  34 killer bees
  A lindwurm simulacrum (IceCv)
  2 howler monkeys (D:5)
  5 electric eels
  10 jellies
  A quasit (Abyss:4)
  A jelly (shapeshifter) (Vaults:5)
  16 orc priests
  2 gnoll boudas
  2 hounds
  2 sleepcaps
  6 iguanas
  38 orc wizards
  Robin (D:4)
  10 gnolls
  6 adders
  A river rat (Sewer)
  2 white imps
  2 ufetubi
  4 dart slugs
  71 orcs
  6 ball pythons
  10 endoplasms
  9 giant cockroaches
  17 goblins
  11 hobgoblins
  16 jackals
  5 quokkas
  10 bats
  4 frilled lizards
  22 kobolds
  11 rats
1791 creatures vanquished.

Vanquished Creatures (collateral kills)
  A deep elf master archer (Elf:3)
  2 fire giants (Vaults:5)
  A frost giant (Vaults:5)
  3 vault wardens (Vaults:5)
  2 very ugly things (Vaults:5)
  3 ironbound preservers (Vaults:5)
  2 war gargoyles
  A deep elf annihilator (Elf:3)
  2 yaktaur captains (Vaults:5)
  8 vault guards
  2 deep trolls (Vaults:4)
  An ironbound convoker (Vaults:5)
  2 phantasmal warriors (Vaults:5)
  An orc knight (Vaults:5)
  2 yaktaurs (Vaults:2)
  A blink frog (Lair:3)
  A slime creature (Vaults:2)
  3 hogs (Lair:3)
  A warg (Vaults:5)
  3 wolves (Lair:3)
  An orc (Vaults:5)
43 creatures vanquished.

Vanquished Creatures (others)
  A deep elf knight (Elf:1)
  A deep elf zephyrmancer (Elf:1)
  A deep elf pyromancer (Elf:1)
  2 bloated husks (Swamp:2)
  A tyrant leech (Spider:2)
  A killer bee (D:8)
  A jelly (Abyss:5)
  A gnoll (D:12)
  12 foxfires
  22 spectral weapons
  14 starspawn tentacles
57 creatures vanquished.

Grand Total: 1891 creatures vanquished

Notes
Turn   | Place    | Note
-------+----------+-------------------------------------------
     0 | D:1      | Zeor the Gargoyle Berserker began the quest for the Orb.
     0 | D:1      | Reached XP level 1. HP: 14/14 MP: 1/1
    78 | D:1      | Reached XP level 2. HP: 19/19 MP: 2/2
   234 | D:1      | Found a faded altar of an unknown god.
   479 | D:1      | Reached XP level 3. HP: 24/24 MP: 3/3
   750 | D:1      | Reached ** piety under Trog
   987 | D:2      | Reached XP level 4. HP: 20/29 MP: 4/4
  1625 | D:3      | Reached skill level 4 in Fighting
  1683 | D:3      | Found a hazy altar of Hepliaklqana.
  1693 | D:3      | Found a blossoming altar of Fedhas.
  1853 | D:3      | Found a basalt altar of Yredelemnul.
  2133 | D:3      | Reached *** piety under Trog
  2191 | D:4      | Reached XP level 5. HP: 33/33 MP: 5/5
  2230 | D:4      | Noticed Robin
  2238 | D:4      | Killed Robin
  2306 | D:4      | Found a radiant altar of Vehumet.
  2321 | D:4      | Noticed Eustachio
  2345 | D:4      | Killed Eustachio
  2346 | D:4      | Reached skill level 5 in Maces & Flails
  2346 | D:4      | Reached XP level 6. HP: 19/39 MP: 6/6
  2651 | D:4      | Found a shadowy altar of Dithmenos.
  2668 | D:4      | Found a stormy altar of Qazlal.
  2669 | D:4      | Noticed a fire elemental
  2670 | D:4      | Noticed a water elemental
  2670 | D:4      | Noticed an air elemental
  2738 | D:4      | Reached **** piety under Trog
  2844 | D:4      | You fall into a shaft and drop 3 floors!
  2861 | D:7      | Found an ancient bone altar of Kikubaaqudgha.
  2923 | D:6      | Noticed Duvessa
  2923 | D:6      | Noticed Dowan
  2939 | D:6      | Killed Dowan
  2940 | D:6      | Reached XP level 7. HP: 44/44 MP: 7/7
  2941 | D:6      | Killed Duvessa
  2942 | D:6      | Reached skill level 5 in Fighting
  3063 | D:6      | Found a glowing drain.
  3087 | Sewer    | Entered a sewer
  3194 | Sewer    | Reached XP level 8. HP: 39/50 MP: 8/8
  3218 | Sewer    | Found a white marble altar of Elyvilon.
  3279 | D:6      | Noticed a green ugly thing
  3279 | D:6      | Noticed a troll
  3295 | D:6      | Killed a troll
  3296 | D:6      | Reached skill level 5 in Armour
  3355 | D:6      | Noticed a wraith
  3373 | D:6      | Killed a green ugly thing
  3374 | D:6      | Reached skill level 6 in Fighting
  3498 | D:6      | Found Fesuedou's Elemental Accessories.
  3614 | D:6      | Reached skill level 1 in Stealth
  3695 | D:6      | Noticed Prince Ribbit
  3723 | D:6      | Killed Prince Ribbit
  3724 | D:6      | Reached XP level 9. HP: 56/56 MP: 9/9
  3906 | D:5      | Entered Level 5 of the Dungeon
  4188 | D:5      | Noticed Edmund
  4205 | D:5      | Killed Edmund
  4265 | D:5      | Reached ***** piety under Trog
  4343 | D:5      | Reached skill level 7 in Fighting
  4525 | D:5      | Found a staircase to the Ecumenical Temple.
  4658 | D:4      | Found a burning altar of Makhleb.
  5341 | D:6      | Noticed Pikel
  5357 | D:6      | Killed Pikel
  5358 | D:6      | Reached skill level 10 in Maces & Flails
  5861 | D:7      | Found a transporter.
  5867 | D:7      | Identified the +0 trident of the Red Skies {pain, rF+ MP+9
                  | Int+3}
  5867 | D:7      | Identified the +3 buckler "Muhe" {rF+}
  5873 | D:7      | Found a transporter.
  5923 | D:7      | Reached XP level 10. HP: 32/64 MP: 10/10
  5926 | D:7      | Identified the ring of Qaredadi {rPois rF- rC++ Dex+6}
  5960 | D:7      | Noticed sampeng1's ghost (novice MiBe)
  5983 | D:7      | Killed sampeng1's ghost
  5984 | D:7      | Reached skill level 8 in Fighting
  6329 | D:7      | Reached skill level 1 in Shields
  7604 | D:8      | Found a shimmering altar of Xom.
  7722 | D:8      | Noticed Joseph
  7747 | D:8      | Killed Joseph
  7748 | D:8      | Reached skill level 9 in Fighting
  8141 | D:8      | Noticed a cane toad
  8157 | D:8      | a cane toad changed into a troll
  8167 | D:8      | Reached XP level 11. HP: 56/71 MP: 11/11
  8252 | D:8      | Reached skill level 5 in Shields
  8342 | D:8      | Noticed a centaur warrior
  8361 | D:8      | Killed a centaur warrior
  8552 | D:8      | Noticed a tengu warrior
  8552 | D:8      | Noticed a cyclops
  8552 | D:8      | Noticed a purple ugly thing
  8553 | D:8      | Noticed a catoblepas
  8559 | D:8      | Noticed a deep elf pyromancer
  8586 | D:8      | Reached skill level 10 in Fighting
  8604 | D:8      | Killed a deep elf pyromancer
  8615 | D:8      | Killed a tengu warrior
  8623 | D:8      | Killed a purple ugly thing
  8623 | D:8      | Reached ****** piety under Trog
  8628 | D:8      | a merfolk changed into a glowing orange brain
  8628 | D:8      | Noticed a glowing orange brain (shapeshifter)
  8999 | D:8      | Killed a catoblepas
  8999 | D:8      | Received a gift from Trog
  9085 | D:8      | Killed a cyclops
  9125 | D:8      | Noticed a swamp dragon
  9142 | D:8      | Killed a swamp dragon
  9221 | D:8      | Identified the +7 falchion of Dishonour {freeze, rC++ Str+4
                  | Int-3}
  9232 | D:8      | Identified the staff of death "Jakker" {Contam rElec rN+
                  | rCorr Str+2}
  9236 | D:8      | Identified the +8 demon whip of the Jumping Jester {spect,
                  | rF+}
  9409 | D:9      | Found a bloodstained altar of Trog.
  9459 | D:9      | Reached skill level 10 in Armour
  9509 | D:9      | Found a sacrificial altar of Ru.
  9766 | D:9      | Found a runed translucent gate.
  9766 | D:9      | Found a runed translucent gate.
  9769 | D:9      | Found an opulent altar of Gozag.
  9771 | D:9      | Found a runed translucent gate.
  9772 | D:9      | Noticed a six-headed hydra
  9773 | D:9      | Found Ugoutwu's Assorted Antiques.
  9773 | D:9      | Noticed Steelrune's ghost (novice FoFi)
  9793 | D:9      | Killed a six-headed hydra
  9794 | D:9      | Reached XP level 12. HP: 79/79 MP: 12/12
  9798 | D:9      | Killed Steelrune's ghost
  9799 | D:9      | Reached skill level 11 in Fighting
  9836 | D:9      | Bought a scroll of identify for 48 gold pieces
  9836 | D:9      | Bought a scroll labelled OKLO LIUCIMINT for 24 gold pieces
  9836 | D:9      | Bought a potion of heal wounds for 120 gold pieces
  9906 | D:10     | Entered Level 10 of the Dungeon
  9939 | D:10     | Found an iron altar of Okawaru.
 10130 | D:10     | Noticed a +0 dagger
 10131 | D:10     | Noticed a +0 spear
 10132 | D:10     | Noticed a +0 dagger
 10133 | D:10     | Noticed a +0 spear
 10133 | D:10     | Noticed a +0 short sword
 10134 | D:10     | Noticed a +0 short sword
 10136 | D:10     | Found a hide-covered altar of Uskayaw.
 10164 | D:10     | Found a portal to a secret trove of treasure.
 10561 | D:10     | Found an opulent altar of Gozag.
 10750 | D:11     | Found a staircase to the Lair.
 10751 | D:11     | Noticed Erica
 10787 | D:11     | Killed Erica
 10907 | D:11     | Reached skill level 10 in Shields
 11025 | D:11     | Noticed a boulder beetle
 11046 | D:11     | Killed a boulder beetle
 11091 | D:11     | Reached skill level 12 in Fighting
 11151 | D:11     | Noticed a two-headed ogre
 11162 | D:11     | Killed a two-headed ogre
 11162 | D:11     | Identified the +7 mace of Terror {flame, rC+ Will+ Stlth+}
                  | (Trog gifted it to you on level 11 of the Dungeon)
 11162 | D:11     | Received a gift from Trog
 11265 | D:11     | Found Cheibriados's Comfort Zone.
 11265 | D:11     | Found a snail-covered altar of Cheibriados.
 11716 | Lair:1   | Entered Level 1 of the Lair of Beasts
 11905 | Lair:1   | Reached XP level 13. HP: 87/87 MP: 13/13
 11960 | Lair:1   | Reached skill level 1 in Evocations
 12095 | Lair:1   | Reached skill level 13 in Fighting
 12641 | Lair:2   | Received a gift from Trog
 12711 | Lair:2   | Found a hole to the Spider Nest.
 13034 | Lair:2   | Found a runed translucent door.
 13038 | Lair:2   | Identified the +1 spear "Vusteco" {heavy, +Blink MP+9}
 13040 | Lair:2   | Noticed Yhyet's ghost (journeyman MiFi)
 13339 | Lair:2   | Killed Yhyet's ghost
 13425 | Lair:3   | Noticed Kirke
 13440 | Lair:3   | Noticed a sphinx
 13443 | Lair:3   | Killed Kirke
 13444 | Lair:3   | Noticed Urug
 13455 | Lair:3   | Killed Urug
 13458 | Lair:3   | Noticed Gastronok
 13700 | Lair:3   | Noticed Fannar
 13714 | Lair:3   | Killed Fannar
 13797 | Lair:3   | Killed Gastronok
 14210 | Lair:3   | Reached skill level 14 in Fighting
 14334 | Lair:3   | Found a staircase to the Swamp.
 14714 | Lair:4   | Found a staircase to the Slime Pits.
 14728 | Lair:4   | Gained mutation: Your large and strong wings let you fly.
                  | [Gargoyle growth]
 14728 | Lair:4   | Reached XP level 14. HP: 85/96 MP: 14/14
 14963 | Lair:4   | Received a gift from Trog
 15449 | Lair:5   | Entered Level 5 of the Lair of Beasts
 15922 | Lair:5   | Reached skill level 15 in Fighting
 16205 | Lair:5   | Identified the +10 spear "Xeedgh" {protect, Fly Dex+2}
 16298 | Lair:5   | Reached skill level 5 in Stealth
 16607 | Lair:5   | Reached skill level 15 in Shields
 16611 | Lair:5   | Found a corrupted altar of Lugonu.
 16611 | Lair:5   | Found a one-way gate to the infinite horrors of the Abyss.
 16993 | D:12     | Noticed Jorgrun
 17006 | D:12     | Killed Jorgrun
 17193 | D:12     | Received a gift from Trog
 17356 | D:12     | Reached skill level 1 in Throwing
 17712 | D:12     | Reached XP level 15. HP: 104/104 MP: 15/15
 17837 | D:12     | Found a staircase to the Orcish Mines.
 17923 | Orc:1    | Entered Level 1 of the Orcish Mines
 18018 | Orc:2    | Entered Level 2 of the Orcish Mines
 18018 | Orc:2    | Found an ancient bone altar of Kikubaaqudgha.
 18018 | Orc:2    | Found Kewnaor's Antique Weapon Emporium.
 18048 | Orc:2    | Noticed Erolcha
 18052 | Orc:2    | Found a radiant altar of Vehumet.
 18064 | Orc:2    | Killed Erolcha
 18157 | Orc:2    | Found Weogoel's Magic Scroll Emporium.
 18185 | Orc:2    | Bought a scroll of blinking for 105 gold pieces
 18185 | Orc:2    | Bought a scroll of fog for 56 gold pieces
 18185 | Orc:2    | Bought a scroll of teleportation for 42 gold pieces
 18185 | Orc:2    | Bought a scroll of teleportation for 42 gold pieces
 18185 | Orc:2    | Bought a scroll of magic mapping for 105 gold pieces
 18252 | Orc:2    | Found Ymiupsis's Antique Weapon Emporium.
 18274 | Orc:2    | Found Dozunn's Book Shoppe.
 18405 | Orc:2    | Reached skill level 16 in Fighting
 18633 | Orc:2    | Found a staircase to the Elven Halls.
 18675 | Orc:2    | Found an iron altar of Okawaru.
 19200 | D:13     | Identified the +5 war axe of Cubb {flame, rC+ rCorr}
 19534 | D:13     | Found a gate to the Vaults.
 19727 | D:13     | Reached skill level 15 in Maces & Flails
 20341 | D:14     | Found a glowing golden altar of the Shining One.
 20341 | D:14     | Found a glowing silver altar of Zin.
 20342 | D:14     | Found a white marble altar of Elyvilon.
 20836 | D:15     | Entered Level 15 of the Dungeon
 21156 | D:15     | Reached XP level 16. HP: 66/112 MP: 15/16
 21159 | D:15     | Received a gift from Trog
 21355 | D:15     | Reached skill level 5 in Throwing
 21407 | D:15     | Found a staircase to the Depths.
 21413 | D:15     | Reached skill level 17 in Fighting
 22128 | Swamp:1  | Entered Level 1 of the Swamp
 23047 | Swamp:2  | Reached skill level 15 in Armour
 23965 | Swamp:3  | Received a gift from Trog
 24420 | Swamp:3  | Reached XP level 17. HP: 112/119 MP: 17/17
 24602 | Swamp:4  | Entered Level 4 of the Swamp
 24609 | Swamp:4  | Reached skill level 18 in Fighting
 24620 | Swamp:4  | Found a frozen archway.
 24688 | IceCv    | Entered an ice cave
 25496 | IceCv    | Identified the +2 hand axe "Wohy" {elec, Int+4}
 25656 | IceCv    | Received a gift from Trog
 25676 | IceCv    | Identified the +0 pair of gloves of Qeufag {rElec Regen+
                  | Str+3 Dex-2}
 26343 | Swamp:4  | Noticed the 27-headed Lernaean hydra
 26614 | Elf:1    | Entered Level 1 of the Elven Halls
 26708 | Elf:1    | Paralysed by an air elemental for 1 turns
 26714 | Elf:1    | Paralysed by an air elemental for 1 turns
 26720 | Elf:1    | Paralysed by an air elemental for 1 turns
 26725 | Elf:1    | Paralysed by an air elemental for 1 turns
 26770 | Elf:1    | Received a gift from Trog
 27054 | Elf:1    | Identified a scroll of acquirement
 27055 | Elf:1    | Acquired a manual of Throwing
 27803 | Elf:2    | Reached XP level 18. HP: 127/127 MP: 9/18
 28006 | Elf:2    | Received a gift from Trog
 28049 | Elf:2    | Reached skill level 19 in Fighting
 28236 | Elf:2    | Found a huge runed translucent gate.
 28236 | Elf:2    | Found a huge runed translucent gate.
 28236 | Elf:2    | Found a huge runed translucent gate.
 28238 | Elf:2    | Found a huge runed translucent gate.
 28239 | Elf:2    | Found a huge runed translucent gate.
 29150 | Elf:3    | Entered Level 3 of the Elven Halls
 29238 | Elf:3    | Reached skill level 10 in Throwing
 29367 | Elf:3    | Gained mutation: Your magical capacity is low. (-10% MP) [a
                  | cacodemon]
 29373 | Elf:3    | Noticed a Brimstone Fiend
 29612 | Depths:1 | Entered Level 1 of the Depths
 29744 | Depths:1 | Received a gift from Trog
 29789 | Depths:1 | Found a sparkling altar of Nemelex Xobeh.
 29841 | Depths:1 | Found Caekk's Book Boutique.
 29854 | Depths:1 | Noticed a lich
 29869 | Depths:1 | Killed a lich
 30183 | Elf:3    | Noticed a deep elf blademaster
 30197 | Elf:3    | Noticed a deep elf master archer
 30200 | Elf:3    | Noticed a deep elf blademaster
 30211 | Elf:3    | Killed a deep elf master archer
 30422 | Spider:1 | Entered Level 1 of the Spider Nest
 30571 | Spider:1 | Noticed Agnes
 30584 | Spider:1 | Killed Agnes
 30773 | Spider:1 | Noticed Louise
 30784 | Spider:1 | Killed Louise
 30828 | Spider:1 | Noticed Donald
 30840 | Spider:1 | Killed Donald
 30840 | Spider:1 | Received a gift from Trog
 30988 | Spider:1 | You are sucked into a shaft and drop 1 floor!
 31044 | Spider:1 | Reached XP level 19. HP: 106/134 MP: 13/17
 31195 | Spider:1 | Reached skill level 20 in Fighting
 31579 | Spider:1 | Noticed Rupert
 31604 | Spider:1 | Killed Rupert
 31604 | Spider:1 | Received a gift from Trog
 31805 | Spider:2 | Identified the +0 trident of the Shifting Seer {chaos,
                  | Dex+3}
 31855 | Spider:2 | Noticed Azrael
 31872 | Spider:2 | Killed Azrael
 33003 | Spider:3 | Identified the +2 cloak of Winter {rPois}
 33727 | Spider:4 | Entered Level 4 of the Spider Nest
 33856 | Spider:4 | Received a gift from Trog
 34511 | Spider:4 | Identified the +7 flail of Igugaont {flame, +Blink rF-
                  | rCorr} (Trog gifted it to you on level 4 of the Spider
                  | Nest)
 34511 | Spider:4 | Received a gift from Trog
 34554 | Spider:4 | Got a gossamer rune of Zot
 35559 | Swamp:4  | Killed the 27-headed Lernaean hydra
 35560 | Swamp:4  | Reached XP level 20. HP: 142/142 MP: 18/18
 35725 | Swamp:4  | Got a decaying rune of Zot
 36072 | Vaults:1 | Entered Level 1 of the Vaults
 36104 | Vaults:1 | Found a magical portal.
 36113 | WizLab   | Entered Cigotuvi's Fleshworks
 36443 | WizLab   | Identified the amulet of Cynicism {Spirit rC++}
 36737 | WizLab   | Identified the +10 morningstar of the Open Hand {heavy,
                  | rPois rC+ SInv} (Trog gifted it to you in a wizard's
                  | laboratory)
 36737 | WizLab   | Received a gift from Trog
 37251 | Vaults:1 | Reached skill level 21 in Fighting
 37686 | Vaults:1 | Identified the +4 morningstar "Dairumm" {heavy, rN++
                  | Will+++ Dex-5} (Trog gifted it to you on level 1 of the
                  | Vaults)
 37686 | Vaults:1 | Received a gift from Trog
 38024 | Vaults:1 | Found the ring of the Octopus King
 38036 | Vaults:1 | Identified a ring of the Octopus King {HP+2 AC+2 EV+2 SH+2
                  | SInv}
 38353 | Vaults:1 | Reached XP level 21. HP: 148/148 MP: 18/18
 38678 | Vaults:2 | Reached skill level 15 in Throwing
 38718 | Vaults:2 | Identified the +1 demon whip "Iquguf" {flame, Fly rPois}
                  | (Trog gifted it to you on level 2 of the Vaults)
 38718 | Vaults:2 | Received a gift from Trog
 38863 | Vaults:2 | Noticed Saint Roka
 38889 | Vaults:2 | Killed Saint Roka
 39047 | Vaults:2 | Found Yrphuow's Book Shoppe.
 39560 | Vaults:2 | Identified the ring of Xuoklaux {Ice Contam Int+7 Dex+2
                  | Stlth+}
 39612 | Vaults:2 | Identified the +1 shortbow of the Nurturing Gods {heavy,
                  | *Slow rPois Int+2}
 40045 | Vaults:3 | Received a gift from Trog
 40278 | Vaults:3 | Found Ene Coco's Antique Weapon Shoppe.
 40432 | Vaults:3 | Identified the +5 shortbow "Spider's Bane" {heavy, rF- rN+
                  | rCorr MP+9}
 40931 | Vaults:3 | Found a staircase to the Crypt.
 40942 | Vaults:3 | Reached skill level 22 in Fighting
 41315 | Vaults:3 | Received a gift from Trog
 41742 | Vaults:4 | Reached XP level 22. HP: 156/156 MP: 19/19
 42078 | Vaults:4 | Noticed Margery
 42098 | Vaults:4 | Killed Margery
 42318 | Vaults:4 | Noticed Aizul
 42331 | Abyss:2  | Cast into level 2 of the Abyss (hell knight)
 42518 | Abyss:4  | Found a corrupted altar of Lugonu.
 42548 | Abyss:4  | Gained mutation: You are dopey. (Int -2) [a neqoxec]
 42640 | Abyss:5  | Paralysed by accursed screaming for 1 turns
 42745 | Vaults:4 | Escaped the Abyss
 43010 | Vaults:4 | Killed Aizul
 43010 | Vaults:4 | Received a gift from Trog
 43193 | Vaults:4 | Reached skill level 23 in Fighting
 43493 | Vaults:5 | Entered Level 5 of the Vaults
 44070 | Vaults:5 | Reached XP level 23. HP: 155/165 MP: 17/20
 44091 | Vaults:4 | HP: 2/250 [quicksilver dragon/bolt of dispelling energy
                  | (36)]
 44286 | Vaults:5 | Identified the +12 mace of the World {heavy, rN+} (Trog
                  | gifted it to you on level 5 of the Vaults)
 44286 | Vaults:5 | Received a gift from Trog
 44462 | Vaults:5 | Found Wiudes's Book Shoppe.
 44464 | Vaults:5 | Found Qisugymn's Armour Shop.
 44480 | Vaults:5 | Bought a +0 plate armour of willpower for 390 gold pieces
 44649 | Vaults:5 | Identified the +0 great sword "Sejoes" {pain, rPois Int+3
                  | SInv}
 44696 | Vaults:5 | Found Voimierei's Distillery.
 44696 | Vaults:5 | Found Wuyc's Antique Armour Boutique.
 44701 | Vaults:5 | Bought a potion of resistance for 200 gold pieces
 44701 | Vaults:5 | Bought a potion of haste for 200 gold pieces
 44701 | Vaults:5 | Bought a potion of heal wounds for 100 gold pieces
 44705 | Vaults:5 | Bought a masterwork chain mail for 237 gold pieces
 44705 | Vaults:5 | Identified the +8 chain mail of Sehoa {Int+3} (You bought
                  | it in a shop on level 5 of the Vaults)
 44771 | Vaults:5 | Noticed a dread lich
 44771 | Vaults:5 | Noticed a dread lich
 44800 | Vaults:5 | Killed a dread lich
 44801 | Vaults:5 | Reached skill level 24 in Fighting
 44810 | Vaults:5 | Killed a dread lich
 44956 | Vaults:5 | Noticed a golden dragon
 44963 | Vaults:5 | Killed a golden dragon
 45213 | Vaults:5 | Found Xuthremy's Distillery.
 45217 | Vaults:5 | Bought a potion of heal wounds for 105 gold pieces
 45217 | Vaults:5 | Bought a potion of haste for 210 gold pieces
 45217 | Vaults:5 | Bought 2 potions of haste for 420 gold pieces
 45225 | Vaults:5 | Found Qoeshios's Distillery.
 45231 | Vaults:5 | Bought 2 potions of heal wounds for 190 gold pieces
 45231 | Vaults:5 | Bought a potion of might for 76 gold pieces
 45263 | Vaults:5 | Found Mucs's Magic Scroll Shoppe.
 45400 | Vaults:5 | Identified the +2 scale mail of Macag {rC+ Str+4}
 45480 | Vaults:5 | Got a silver rune of Zot
 45493 | Vaults:5 | Reached skill level 5 in Dodging
 45493 | Vaults:5 | Noticed a golden dragon
 45506 | Vaults:5 | Killed a golden dragon
 46708 | Elf:3    | Identified the amulet "Hazak" {Acrobat rCorr Dex+3 Slay-5
                  | Stlth+}
 46998 | Elf:3    | Identified the +0 chain mail "Asux" {SInv}
 47014 | Elf:3    | Found the +8 autumn katana {manifold assault}
 47612 | Depths:1 | Reached skill level 1 in Long Blades
 48078 | D:10     | You paid a toll of +2 shadow dragon scales to enter a
                  | treasure trove
 48079 | Trove    | Entered a treasure trove
 48481 | Depths:1 | Found a gateway to Hell.
 48499 | Depths:1 | Reached XP level 24. HP: 174/175 MP: 19/20
 48505 | Depths:1 | Received a gift from Trog
 48839 | Depths:2 | Found a one-way gateway to a ziggurat.
 49118 | Depths:2 | Found a transporter.
 49151 | Depths:2 | Found a white marble altar of Elyvilon.
 49265 | Depths:2 | You are sucked into a shaft and drop 2 floors!
 49265 | Depths:4 | Entered Level 4 of the Depths
 49268 | Depths:4 | Noticed a juggernaut
 49277 | Depths:4 | Killed a juggernaut
 49360 | Depths:4 | Identified the ring of the Hammering Pariah {Fire rCorr
                  | Str+6 Dex+6}
 49407 | Depths:3 | Reached skill level 25 in Fighting
 49414 | Depths:3 | HP: 12/264 [iron troll (6)]
 49415 | Depths:3 | HP: 4/264 [deep troll (9)]
 49417 | Depths:3 | Slain by a deep troll

Illustrated notes

Levels and vault maps discovered:
D:1:      dreamdust_arrival_beginning_and_end, layout_basic,
          ebering_ecumenical_altar_mist
D:2:      minmay_wonky_spiral, layout_rooms
D:3:      layout_rooms, lemuel_coloured_pillars_altar, lemuel_tele_altar,
          mainiacjoe_overflow_cross_hatched
D:4:      layout_loops_ring, mainiacjoe_overflow_catwalk,
          nicolae_qazlal_style_of_elements, nicolae_dithmenos_the_darkroom,
          general_overflow_altar, serial_co_window_serial, co_window_cross_1,
          co_window_paths_a, co_window_of_opportunity_a, co_window_paths_a,
          co_window_corner_a, co_window_cross_2, co_window_unsneaky_path_a,
          co_window_paths_c, co_window_corner_b, co_window_broadway_a,
          co_window_corner_cb, glass_columns_a, glass_columns_a,
          glass_columns_c, kennysheep_generic_room_14, uniq_robin,
          uniq_eustachio
D:5:      layout_basic, minmay_temple_entry_statues_fountains, uniq_edmund
D:6:      layout_basic, portal_sewer_entry_f, minmay_liquid_box,
          nicolae_elemental_shop, kb_rosetta, uniq_pikel, uniq_prince_ribbit1,
          uniq_duvessa
D:7:      layout_layer_cave, mainiacjoe_overflow_brackets,
          gammafunk_ghost_gnarly_gnolls, chequers_serial_rivers_micro_c
D:8:      minmay_the_grid_triangle_9x9_rhombus_full
          [minmay_the_grid_triangle_9x9_checkered,
          minmay_the_grid_triangle_9x9_intruding_spiral,
          minmay_the_grid_triangle_9x9_impossible_snake,
          minmay_the_grid_triangle_9x9_sparse_checkered,
          minmay_the_grid_triangle_9x9_sprig,
          minmay_the_grid_triangle_9x9_warning,
          minmay_the_grid_triangle_9x9_stretched_checkered,
          minmay_the_grid_triangle_9x9_prize_insulated], layout_rooms,
          brannock_xom_greatest_gift, uniq_joseph
D:9:      layout_cross, nicolae_ru_the_path_less_chosen,
          mainiacjoe_overflow_paths, ebering_ghost_gozag
D:10:     layout_loops_ring, grunt_gozag_breadcrumbs, nicolae_uskayaw_en_pointe,
          mainiacjoe_overflow_chevrons, nicolae_trove_entry_isolated
D:11:     layout_loops_ring, minmay_lair_entry_grove, minmay_shop_chei,
          uniq_erica
D:12:     layout_long_grid, erik_orc_2, uniq_jorgrun
D:13:     layout_loops_cross, grunt_vaults_entry_fortified
D:14:     layout_irregular_city, good_gods_temple_1
D:15:     grunt_enter_depths_magical_seal, layout_layer_cave, serial_park_tiny_1
Lair:1:   layout_hall_layers, special_room [special_room_bee],
          serial_bayou_shore_a
Lair:2:   layout_small_grid, spider_nest_entry_web_field,
          ebering_ghost_funeral_grove, grunt_megastairs_2
Lair:3:   layout_regular_city, nicolae_swamp_entry_spooky, uniq_fannar,
          uniq_kirke, uniq_gastronok, uniq_urug
Lair:4:   layout_loops_ring, nicolae_slime_entry_field_trip,
          chequers_serial_rivers_room_b
Lair:5:   hellmonk_lair_end_abyssal_woods, layout_misc_corridors,
          columned_hall_lemuel, infiniplex_staircase_pool_2, grunt_megastairs_4
Swamp:1:  layout_basic_swamp, hangedman_swamp_ruin_wall, swamp_pool5
Swamp:2:  layout_basic_swamp, evilmike_swamp_ruin_house_2, swamp_pool1,
          infiniplex_staircase_pool
Swamp:3:  layout_basic_swamp, evilmike_swamp_ruin_rubble_2
Swamp:4:  swamp_old_school, layout_basic_swamp, portal_ice_cave_entry_ugly_swarm
Spider:1: nicolae_spider_corner, uniq_louise, uniq_donald, uniq_rupert,
          uniq_agnes
Spider:2: layout_spider_delve, nicolae_spider_swamp_cousins, uniq_azrael
Spider:3: layout_chambers, nicolae_spider_cling_halls
Spider:4: spider_rune_water, nicolae_spider_nooks_and_crannies
Orc:1:    layout_diamond_mine, lightli_orcish_oven, uniq_josephine
Orc:2:    kennysheep_orc_mage_school, layout_caves, okawaru_metal_pillars_1_2
Elf:1:    layout_gridlike, minmay_elf_annihilation, drop_trap,
          grunt_ministairs_8, fountainhead, item_on_display_a
Elf:2:    elven_hall_of_blades_hangedman_alternative
          [nicolae_blade_entry_antechamber], layout_geoelf_octagon,
          item_on_display_a
Elf:3:    minmay_elf_hall_quartered_circle, layout_onion_city, serial_shops,
          shop, basic_altar, ebering_dispersal_statue_hall,
          minmay_shop_grid_forest
Vaults:1: mu_enter_wizlab_5, nicolae_vaults_quadrants,
          nicolae_vaults_specimen_jars, hangedman_vaults_variations,
          ontoclasm_vaults_ring_square, ontoclasm_vaults_twist,
          vaults_standard_mumra_enter_the_diamond, v_misc_30,
          nicolae_vaults_closet_pinwheel_6, nicolae_vaults_ninety_degrees,
          v_misc_5, nicolae_vaults_tetromino_L_2, vaults_room_semicircle,
          vaults_room_hallway, layout_vaults_maze_bifur
Vaults:2: dpeg_vaults_waves, v_misc_5, v_alt_pattern_4,
          nicolae_vaults_tetromino_L_2, nicolae_vaults_door_testing_chamber,
          nicolae_vaults_alarming, vaults_dpeg_emergency_exit, v_alt_pattern_2,
          nicolae_vaults_heist, layout_vaults_big_room, serial_shops, shop,
          uniq_saint_roka
Vaults:3: nicolae_vaults_triangles, blue_anna_dwarven_crypt,
          nicolae_vaults_turnstiles, ontoclasm_vaults_spin,
          nicolae_vaults_tetromino_T_1, nicolae_vaults_rhombus_6,
          vaults_room_grid, nicolae_vaults_security_offices_1,
          nicolae_vaults_little_squares_6, layout_vaults_omnigrid, serial_shops,
          nicolae_shop_just_a_little_nook
Vaults:4: v_rooms_5, v_pattern_1, nicolae_vaults_shrinking_rooms_2, v_misc_15,
          nicolae_vaults_trapezoid_lopsided_1,
          vaults_standard_mumra_enter_the_diamond, nicolae_vaults_trapezoid_2,
          nicolae_vaults_big_ls, v_misc_14, v_misc_16, v_misc_5,
          nicolae_vaults_diamond_1, nicolae_vaults_diamond_2,
          layout_vaults_omnibox, uniq_margery, uniq_aizul
Vaults:5: serial_shops
Depths:1: layout_basic, hell_entry, nicolae_twisting_strands, serial_shops,
          nicolae_shop_real_fake_doors, amcnicky_mini_rare_corridor_liquid,
          nicolae_concentric_dashed_squares_wild, minmay_misc_feat_doors,
          nemelex_xobeh_ov_fountains_minmay
Depths:2: gammafunk_dig_for_victory, layout_honeycomb, enter_ziggurat_f,
          grunt_pan_entry_spiral, elyvilon_altar_5, hell_entry,
          serial_bayou_shore_b
Depths:3: regret_index_uskayaw_diablada_macabre, layout_gridlike, serial_shops,
          nicolae_shop_overgrown_old_shop, shop_statue,
          nicolae_shop_temple_entry_statues_fountains,
          hangedman_abyss_entry_splay, hell_entry, rand_demon_pan_entry_4,
          nicolae_stop_n_shop_1
Depths:4: grunt_zot_entry_bicorn, layout_gridlike, pan_entry,
          pf_hell_entry_great_geh, grunt_megastairs_5,
          infiniplex_staircase_pool_lava

Skill      XL: |  1  2  3  4  5  6  7  8  9 10 11 12 13 14 15 16 17 18 19 20 21 22 23 24 |
---------------+-------------------------------------------------------------------------+-----
Maces & Flails | 4 5 7 8 10 11 12 13 14 15 16 17 18 19 20 | 20.6
Fighting       | 4 5 6 7 9 10 12 14 15 16 17 18 19 20 21 22 23 24 25 | 25.0
Armour         | 3 4 5 7 9 10 11 12 13 14 15 16 17 18 19 20 | 20.0
Dodging        | 2 3 4 5 |  5.2
Stealth        | 1 2 3 4 5 6 7 8 9 |  9.4
Shields        | 4 8 11 13 15 16 17 18 20 21 | 21.5
Evocations     | 1 |  1.5
Throwing       | 1 4 6 8 11 13 14 15 | 15.6
Long Blades    | 2 4 |  4.1

Action                     |  1- 3 |  4- 6 |  7- 9 | 10-12 | 13-15 | 16-18 | 19-21 | 22-24 || total
---------------------------+-------+-------+-------+-------+-------+-------+-------+-------++-------
  Melee: Mace              |    25 |       |       |       |       |    18 |    27 |       ||    70
         Whip              |    56 |   200 |   212 |   449 |       |       |       |       ||   917
         Punch             |     1 |     2 |     1 |       |       |       |       |       ||     4
         Dire flail        |       |       |   101 |    24 |       |       |       |       ||   125
         Demon whip        |       |       |       |   290 |   893 |   775 |   703 |       ||  2661
         Eveningstar       |       |       |       |       |       |   354 |    27 |   161 ||   542
         Flail             |       |       |       |       |       |    16 |       |       ||    16
         Morningstar       |       |       |       |       |       |       |   651 |   856 ||  1507
         Katana            |       |       |       |       |       |       |       |    51 ||    51
  Throw: Throwing net      |       |       |       |     1 |       |       |       |       ||     1
         Javelin           |       |       |       |       |     4 |    27 |    50 |    28 ||   109
 Invoke: Berserk           |     1 |     2 |     5 |     4 |     6 |     8 |    10 |     9 ||    45
         Trog's Hand       |       |       |     1 |       |     1 |     3 |       |     4 ||     9
         Brothers in Arms  |       |       |       |       |     1 |     1 |     3 |    10 ||    15
  Evoke: Wand              |       |       |       |     2 |     2 |     7 |     1 |     1 ||    13
    Use: Scroll            |     3 |     7 |     1 |    16 |     6 |     6 |     3 |    14 ||    56
         Potion            |       |       |     1 |     2 |       |     1 |     4 |    14 ||    22
   Stab: Distracted        |       |       |       |     4 |    14 |    22 |    10 |       ||    50
         Invisible         |       |       |       |       |       |       |       |     1 ||     1
 Armour: Animal skin       |    12 |       |       |       |       |       |       |       ||    12
         Plate armour      |    38 |   155 |   205 |   387 |   364 |   605 |   977 |  1242 ||  3973
  Dodge: Dodged            |    37 |    64 |   115 |   162 |   177 |   257 |   441 |   563 ||  1816
         Repelled          |       |     2 |     1 |     2 |     5 |    12 |     2 |     6 ||    30
  Block: Buckler           |       |       |       |   192 |   243 |   333 |       |       ||   768
         Kite shield       |       |       |       |       |       |    28 |   835 |  1069 ||  1932
         Tower shield      |       |       |       |       |       |     3 |       |       ||     3
         Reflection        |       |       |       |       |       |       |    41 |    27 ||    68
